 Dungeon Crawl Stone Soup version 0.31-a0-1598-g94871bc (webtiles) character file.

Game seed: 493395894113623679

72 PidgeyThePirate the Shooter (level 4, -4/39 HPs)
             Began as a Tengu Hunter on Jan 7, 2024.
             Slain by a gnoll
             ... wielding a +0 halberd
              (9 damage)
             ... on level 2 of the Dungeon.
             The game lasted 00:02:55 (843 turns).

PidgeyThePirate the Shooter (Tengu Hunter)           Turns: 843, Time: 00:02:55

Health: -4/39      AC: 22    Str: 12    XL:     4   Next: 26%
Magic:  5/5        EV:  2    Int:  9    God:
Gold:   56         SH:  0    Dex: 19    Spells: 3/3 levels left

rFire   . . .        a - +0 shortbow
rCold   . . .        (shield currently unavailable)
rNeg    . . .        c - melded +0 leather armour
rPois   +            (helmet currently unavailable)
rElec   .            (cloak currently unavailable)
rCorr   .            (gloves currently unavailable)
SInv    .            (boots unavailable)
Will    .....        (no amulet)
Stlth   ++           (no ring)
HPRegen 0.26/turn    (no ring)
MPRegen 0.09/turn

%: acrobat
@: mighty, tree-form
A: stationary, stasis, torment immunity, boosted hp, (beak), (talons 3),
acrobatic
a: no special abilities


You were on level 2 of the Dungeon.
You were a tree.
You visited 1 branch of the dungeon, and saw 2 of its levels.

You collected 56 gold pieces.

Inventory:

Hand Weapons
 a - a +0 shortbow (weapon)
Armour
 c - a +0 leather armour (melded)
Jewellery
 d - a +6 ring of strength
Scrolls
 b - a scroll of butterflies
 f - a scroll of amnesia
Potions
 h - a potion of brilliance {unknown}
 i - a potion of cancellation {unknown}
 j - a potion of haste {unknown}


   Skills:
 + Level 2.1 Fighting
 + Level 6.0 Ranged Weapons
 + Level 0.4 Armour
 + Level 2.2 Dodging
 + Level 1.0 Stealth


You had 3 spell levels left.
You didn't know any spells.
Your spell library was empty.

Dungeon Overview and Level Annotations

Branches:
Dungeon (2/15)

Altars:

Annotations:
D:2 Robin


Innate Abilities, Weirdness & Mutations

You are a tree.
Your roots penetrate the ground, keeping you stationary.
You cannot be teleported.
You are immune to unholy pain and torment.
Your maximum health is greatly increased.
Your equipment is partially melded.
((You have a beak for a mouth.))
((You have claws for feet.))
You can magically evade attacks while moving or waiting.


Message History

You shoot an arrow. The arrow hits the bat.
The bat is moderately wounded.
The hobgoblin no longer looks unusually strong.
The bat barely misses you. The goblin hits you with a +0 dagger.
* * * LOW HITPOINT WARNING * * *
The goblin misses you.
As you read the scroll labelled TEW CUEXOA, it crumbles to dust.
It is a scroll of identify.
f - a scroll of amnesia Robin hits you with a +0 mace.
* * * LOW HITPOINT WARNING * * *
The goblin hits you but does no damage. The goblin hits you with a +0 dagger.
* * * LOW HITPOINT WARNING * * *
Found a ruby ring.
The bat closely misses you. The goblin barely misses you.
Found a white potion.
The bat hits you but does no damage.
Robin says, "A pitiful Tengu like you will never find the ORB!"
The bat completely misses you. Robin throws the goblin at you!
The goblin completely misses you. The bat completely misses you.
The goblin completely misses you. x2
Found a clear potion.
Robin roars a battlecry!
The hobgoblin goes into a battle-frenzy!
The goblin barely misses you. The bat hits you but does no damage.
The bat completely misses you.
The goblin no longer looks unusually strong.
Robin roars a battlecry!
The goblin goes into a battle-frenzy!
The bat closely misses you.
You see here a +6 ring of strength.
d - a +6 ring of strength It was a potion of might.
You feel very mighty all of a sudden. The bat hits you.
* * * LOW HITPOINT WARNING * * *
The goblin closely misses you.
It was a potion of lignification.
You turn into a tree.
Your +0 leather armour melds into your body.
Your roots penetrate the ground.
The goblin hits you but does no damage.
The gnoll hits you from afar with a +0 halberd!
You die...

#########
#♣gg.....
#g#b######
#g...!....
##g..##.##
###.g..)#.#
#........!##
#.###...##....
#.# #...# .###
#.# #..)# .#


You could see Robin, a gnoll, a hobgoblin (strong), 3 goblins and a bat.

Vanquished Creatures
  4 gnolls (D:2)
  A ribbon worm (D:2)
  3 ball pythons (D:1)
  A bat (D:1)
  10 goblins
  4 hobgoblins
  2 kobolds (D:2)
  A quokka (D:1)
  3 frilled lizards
29 creatures vanquished.

Notes
Turn   | Place    | Note
-------+----------+-------------------------------------------
     0 | D:1      | PidgeyThePirate the Tengu Hunter began the quest for the
                  | Orb.
     0 | D:1      | Reached XP level 1. HP: 12/12 MP: 2/2
   268 | D:1      | Reached XP level 2. HP: 17/17 MP: 3/3
   338 | D:1      | Found a faded altar of an unknown god.
   540 | D:2      | Reached skill level 5 in Ranged Weapons
   634 | D:2      | Reached XP level 3. HP: 21/21 MP: 4/4
   663 | D:2      | Reached XP level 4. HP: 12/26 MP: 5/5
   797 | D:2      | Reached skill level 6 in Ranged Weapons
   812 | D:2      | Noticed Robin
   832 | D:2      | HP: 1/26 [goblin/+0 dagger[Robin] (3)]
   843 | D:2      | Slain by a gnoll

Illustrated notes

Levels and vault maps discovered:
D:1:      lemuel_arrival_funnel, layout_basic, shapermc_ecumenical_altar_ellora
D:2:      layout_loops_ring, uniq_robin

Skill      XL: |  1  2  3  4 |
---------------+-------------+-----
Ranged Weapons | 5 6 |  6.0
Fighting       | |  2.1
Armour         | |  0.4
Dodging        | |  2.2
Stealth        | |  1.0

Action                     |  1- 3 |  4- 6 || total
---------------------------+-------+-------++-------
   Fire: Shortbow          |    46 |    28 ||    74
    Use: Potion            |       |     2 ||     2
         Scroll            |       |     1 ||     1
 Armour: Leather armour    |    12 |    23 ||    35
         Skin              |       |     2 ||     2
  Dodge: Dodged            |    13 |    32 ||    45

Table legend: (Time is in decaauts)
 A = Elapsed time spent in this place.
 B = Non-inter-level travel time spent in this place.
 C = Inter-level travel time spent in this place.
 D = Time resting spent in this place.
 E = Time spent auto-exploring this place.
 F = Levels seen in this place.
 G = Mean time per level.
                   A        B        C        D        E       F      G
               +--------+--------+--------+--------+--------+-----+--------+
         Total |    857 |    853 |      4 |      0 |    689 |   2 |  428.5 |
       Dungeon |    857 |    853 |      4 |      0 |    689 |   2 |  428.5 |
               +--------+--------+--------+--------+--------+-----+--------+

Top non-repeatable levels by time:
     D:1: 538 daAuts
     D:2: 318 daAuts
